 Dungeon Crawl Stone Soup version 0.28-a0-425-gd0eccab798 (webtiles) character file.

Game seed: 2605738613607108153

1023 siradein the Magician (level 8, 0/57 HPs)
             Began as a Purple Draconian Air Elementalist on Sept 10, 2021.
             Was an Initiate of Sif Muna.
             Slain by Maggie (12 damage)
             ... on level 6 of the Dungeon.
             The game lasted 00:16:56 (5894 turns).

siradein the Magician (DrAE)                        Turns: 5894, Time: 00:16:56

Health: 0/57       AC:  7    Str: 11    XL:     8   Next: 2%
Magic:  1/16       EV: 16    Int: 18    God:    Sif Muna [......]
Gold:   117        SH:  0    Dex: 11    Spells: 3/18 levels left

rFire   . . .      SeeInvis .   x - +1 whip (elec)
rCold   . . .      Faith    .   (no shield)
rNeg    . . .      Spirit   .   (armour unavailable)
rPois   +          Reflect  .   (helmet restricted)
rElec   .          Harm     .   (no cloak)
rCorr   .          Rampage  .   h - +0 pair of gloves
Will    +....                   (no boots)
Stlth   ++........              (no amulet)
HPRegen 0.19/turn               g - +4 ring of evasion
MPRegen 0.15/turn               j - ring of poison resistance

@: short of breath, mesmerised
A: breathe power, AC +6, unfitting armour, cold-blooded
a: Breathe Dispelling Energy, Renounce Religion


You were on level 6 of the Dungeon.
You worshipped Sif Muna.
Sif Muna was noncommittal.
You visited 1 branch of the dungeon, and saw 6 of its levels.

You collected 117 gold pieces.

Inventory:

Hand Weapons
 x - a +1 whip of electrocution (weapon)
Armour
 h - a +0 pair of gloves (worn)
Jewellery
 d - a ring of protection from cold
 g - a +4 ring of evasion (left hand)
 j - a ring of poison resistance (right hand)
 l - a ring of willpower
Wands
 t - a wand of flame (18)
 v - a wand of polymorph (9)
 w - a wand of acid (9)
Scrolls
 f - a scroll of enchant armour
 m - a scroll of fog {unknown}
 q - a scroll of amnesia {unknown}
 r - a scroll of noise {unknown}
 s - a scroll of torment {unknown}
Potions
 a - a potion of attraction
 b - 3 potions of magic
 c - a potion of haste {unknown}
 e - a potion of cancellation {unknown}
 i - a potion of invisibility {unknown}
 k - 3 potions of curing
 n - 2 potions of berserk rage {unknown}
 o - 2 potions of degeneration {unknown}
 p - 2 potions of heal wounds {unknown}
 u - a potion of flight {unknown}


   Skills:
 - Level 1.7 Dodging
 - Level 1.7 Stealth
 + Level 5.7 Spellcasting
 + Level 4.6 Conjurations
 + Level 5.6 Air Magic
 + Level 3.7 Invocations
 + Level 2.3 Evocations


You had 3 spell levels left.
You knew the following spells:

 Your Spells              Type           Power      Damage    Failure   Level
a - Shock                 Conj/Air       92%        1d8       1%          1
b - Static Discharge      Conj/Air       23%        N/A       2%          2
c - Swiftness             Air            25%        N/A       3%          3
d - Lightning Bolt        Conj/Air       11%        1d24      38%         5
e - Airstrike             Air            12%        N/A       12%         4

Your spell library contained the following spells:

 Spells                   Type           Power      Damage    Failure   Level
 Magic Dart               Conj           84%        1d7       1%          1
 Searing Ray              Conj           42%        2d6       2%          2
 Corpse Rot               Necr/Air       N/A        N/A       6%          2
 Poisonous Vapours        Pois/Air       30%        N/A       6%          2
 Fulminant Prism          Conj/Hex       6%         3d7       43%         4
 Maxwell's Capacitive Co  Air            12%        ∞         100%        8


Dungeon Overview and Level Annotations

Branches:
Dungeon (6/15)
 Temple: D:4-7

Altars:
Sif Muna
Uskayaw
Xom
Zin

Shops:
D:1 [   D:6 *

Annotations:
D:5 Edmund, Grinder
D:6 Maggie


Innate Abilities, Weirdness & Mutations

You can breathe bolts of dispelling energy.
Your rich purple scales are hard. (AC +6)
You cannot fit into any form of body armour.
You are cold-blooded and may be slowed by cold attacks.


Message History

The bolt of fire hits you!!
* * * LOW HITPOINT WARNING * * *
Casting: Static Discharge (safe; 2% risk of failure)
Confirm with . or Enter, or press ? or * to list all spells.
Maggie is struck by an arc of lightning.
Maggie is heavily wounded.
The lightning grounds out.
Maggie hits you with a +1 war axe of flaming.
* * * LOW HITPOINT WARNING * * *
Maggie burns you.
* * * LOW HITPOINT WARNING * * *
Maggie casts a spell.
Maggie attempts to bespell you!
You are mesmerised by Maggie!
Aiming: Shock (safe; 1% risk of failure)
Press: ? - help, Q - select action, (/) - cycle Shift-Dir - straight line, f/p - Maggie
Aim: Maggie, wielding a +1 war axe of flaming and wearing +0 steam dragon scales (heavily wounded, mesmerising, 74% to hit)
The zap misses Maggie.
Unknown command.
Casting: Shock (safe; 1% risk of failure)
Confirm with . or Enter, or press ? or * to list all spells.
Maggie is struck by an arc of lightning.
Maggie is severely wounded.
You are struck by an arc of lightning.
* * * LOW HITPOINT WARNING * * *
Maggie is struck by an arc of lightning.
Maggie is severely wounded.
The lightning grounds out.
Maggie barely misses you.
Your magical contamination has completely faded away.
Aiming: Shock (safe; 1% risk of failure)
Press: ? - help, Q - select action, (/) - cycle Shift-Dir - straight line, f/p - Maggie
Aim: Maggie, wielding a +1 war axe of flaming and wearing +0 steam dragon scales (severely wounded, mesmerising, 74% to hit)
The zap hits Maggie.
Maggie is severely wounded.
Maggie closely misses you.
You feel better. Maggie closely misses you.
You hit Maggie. Lightning courses through Maggie!
Maggie is almost dead.
Maggie hits you with a +1 war axe of flaming!
You die...

#### ...## ....###
#########.
......###########.........
...†....[.......#........#
..##..####......#....<...#
......## #......#........#
......<###......@@.?.....#
.....................†....
........#####...##########
....(......##...#.......#
..>.>...........#.......#
........................#
.......#..[.#...........#
........................#
.#.#.####...#...........#


You could see Maggie (mesmerising).

Vanquished Creatures
  2 water moccasins (D:6)
  A phantom (D:4)
  2 bullfrogs (D:6)
  A water moccasin zombie (D:6)
  3 scorpions
  A gnoll shaman (D:6)
  A bullfrog skeleton (D:3)
  3 iguanas
  A killer bee zombie (D:6)
  A hound skeleton (D:4)
  5 gnolls (D:6)
  9 adders
  A shadow imp (D:6)
  An ufetubus (D:4)
  2 worms (D:2)
  A dart slug (D:3)
  9 orcs
  5 ball pythons
  5 endoplasms
  3 giant cockroaches
  6 goblins
  3 hobgoblins
  2 jackals (D:3)
  7 kobolds
  3 quokkas
  5 bats
  2 frilled lizards (D:3)
  4 rats
89 creatures vanquished.

Notes
Turn   | Place    | Note
-------+----------+-------------------------------------------
     0 | D:1      | siradein the Draconian Air Elementalist began the quest for
                  | the Orb.
     0 | D:1      | Reached XP level 1. HP: 14/14 MP: 3/3
   145 | D:1      | Found a faded altar of an unknown god.
   462 | D:1      | Reached XP level 2. HP: 20/20 MP: 1/5
   995 | D:1      | Found Mythro's Armour Boutique.
  1377 | D:2      | Found a shimmering altar of Xom.
  1428 | D:2      | Reached XP level 3. HP: 26/26 MP: 1/6
  2413 | D:2      | Learned a level 2 spell: Static Discharge
  2417 | D:2      | Learned a level 3 spell: Swiftness
  2423 | D:3      | Reached XP level 4. HP: 27/33 MP: 1/8
  3113 | D:3      | Reached XP level 5. HP: 32/38 MP: 7/9
  3368 | D:3      | Found a shimmering blue altar of Sif Muna.
  3417 | D:3      | Became a worshipper of Sif Muna the Loreminder
  3946 | D:4      | Reached skill level 1 in Invocations
  3946 | D:4      | Reached XP level 6. HP: 25/45 MP: 2/11
  4207 | D:4      | Found a glowing silver altar of Zin.
  4747 | D:5      | Entered Level 5 of the Dungeon
  4878 | D:5      | Noticed Grinder
  4889 | D:5      | Noticed a +0 dagger
  4904 | D:5      | Paralysed by Grinder for 3 turns
  5148 | D:5      | Noticed a +0 short sword
  5148 | D:5      | Noticed a +0 falchion
  5148 | D:5      | Noticed a +0 falchion
  5148 | D:5      | Noticed a +0 spear
  5148 | D:5      | Noticed a +0 spear
  5148 | D:5      | Noticed a +0 short sword
  5148 | D:5      | Noticed a +0 dagger
  5151 | D:5      | Found a hide-covered altar of Uskayaw.
  5152 | D:5      | Noticed Edmund
  5178 | D:6      | Reached skill level 5 in Air Magic
  5178 | D:6      | Your scales start taking on a rich purple colour.
  5178 | D:6      | Reached skill level 5 in Spellcasting
  5178 | D:6      | Reached XP level 7. HP: 28/50 MP: 1/14
  5344 | D:6      | Reached skill level 1 in Evocations
  5468 | D:6      | Found Vosephecu's Elemental Accessories.
  5522 | D:6      | Learned a level 5 spell: Lightning Bolt
  5527 | D:6      | Learned a level 4 spell: Airstrike
  5853 | D:6      | Reached XP level 8. HP: 57/57 MP: 12/16
  5877 | D:6      | Noticed Maggie
  5894 | D:6      | Slain by Maggie

Illustrated notes

Levels and vault maps discovered:
D:1:      minmay_arrival_hallway, layout_loops_ring, basic_ecumenical_altar,
          serial_shops, shop
D:2:      layout_basic, basic_altar
D:3:      minmay_skewed_foursquare, layout_loops_ring,
          mainiacjoe_overflow_alcove_2
D:4:      layout_rooms, zin_academy
D:5:      layout_loops_corners, nicolae_uskayaw_en_pointe,
          minmay_temple_entry_overgrown, serial_shops, nicolae_shop_statue_plus,
          kennysheep_mini_moat, nicolae_shop_waterfront,
          nicolae_shop_temple_entry_statues_fountains, minmay_puff,
          uniq_crazy_yiuf_cottage, uniq_grinder, uniq_edmund
D:6:      layout_rooms, old_standard_altar, mainiacjoe_overflow_small_starburst,
          nicolae_elemental_shop, uniq_maggie

Skill      XL: |  1  2  3  4  5  6  7 |
---------------+----------------------+-----
Conjurations   | 2 3 4 |  4.6
Spellcasting   | 3 5 |  5.7
Air Magic      | 4 5 |  5.6
Invocations    | 1 2 3 |  3.7
Evocations     | 2 |  2.3
Dodging        | |  1.7
Stealth        | |  1.7

Action                   |  1- 3 |  4- 6 |  7- 9 || total
-------------------------+-------+-------+-------++-------
Melee: Unarmed           |    10 |       |       ||    10
       Tailslap          |     3 |     3 |     4 ||    10
       Quarterstaff      |    17 |    18 |       ||    35
       Whip              |       |    43 |    30 ||    73
 Cast: Shock             |    69 |    65 |    16 ||   150
       Static Discharge  |     2 |    29 |    15 ||    46
 Abil: Breathe Dispellin |       |       |     4 ||     4
  Use: Scroll            |       |     4 |       ||     4
       Potion            |       |       |     1 ||     1
 Stab: Sleeping          |       |     1 |       ||     1
Armor: Skin              |    15 |    31 |    10 ||    56
Dodge: Dodged            |    30 |    61 |    47 ||   138

Table legend: (Time is in decaauts)
 A = Elapsed time spent in this place.
 B = Non-inter-level travel time spent in this place.
 C = Inter-level travel time spent in this place.
 D = Time resting spent in this place.
 E = Time spent auto-exploring this place.
 F = Levels seen in this place.
 G = Mean time per level.
                   A        B        C        D        E       F      G
               +--------+--------+--------+--------+--------+-----+--------+
         Total |   5910 |   5795 |    115 |    296 |   4693 |   6 |  985.0 |
       Dungeon |   5910 |   5795 |    115 |    296 |   4693 |   6 |  985.0 |
               +--------+--------+--------+--------+--------+-----+--------+

Top non-repeatable levels by time:
     D:3: 1335 daAuts
     D:2: 1267 daAuts
     D:1: 1219 daAuts
     D:4: 1178 daAuts
     D:6: 730 daAuts
     D:5: 180 daAuts
